 Dungeon Crawl Stone Soup version 0.26-a0-752-gcff87cac9a (webtiles) character file.

Game seed: 96438568315971024

9552 Froggeryz the Grappler (level 11, 0/120 HPs)
             Began as a Naga Transmuter on Nov 6, 2020.
             Was an Elder of Cheibriados.
             Slain by a slime creature (11 damage)
             ... on level 12 of the Dungeon.
             The game lasted 00:18:58 (13812 turns).

Froggeryz the Grappler (Naga Transmuter)           Turns: 13812, Time: 00:18:59

Health: 0/120      AC:  7    Str: 25      XL:     11   Next: 48%
Magic:  26/28      EV: 10    Int: 23      God:    Cheibriados [****..]
Gold:   664        SH:  0    Dex: 22 (23) Spells: 12/20 levels left

rFire    x . .     SeeInvis +     - Unarmed
rCold    + + +     Faith    .   (shield currently unavailable)
rNeg     . . .     Spirit   .   (armour currently unavailable)
rPois    +         Reflect  .   (helmet currently unavailable)
rElec    .         Harm     .   (cloak currently unavailable)
rCorr    .         Rampage  .   (gloves currently unavailable)
MR       +....                  (no barding)
Stlth    +++.......             (no amulet)
HPRegen  0.30/turn              x - ring of stealth
MPRegen  0.21/turn              A - ring of magical power

@: ice-form, drained, very slow
A: large, see invisible, spit poison 1, AC +3
a: Spit Poison, End Transformation, Bend Time, Temporal Distortion, Slouch,
Renounce Religion


You were on level 12 of the Dungeon.
You worshipped Cheibriados.
Cheibriados was greatly pleased with you.
You were a creature of crystalline ice.
You visited 2 branches of the dungeon, and saw 13 of its levels.
You also visited: Sewer.

You collected 664 gold pieces.

Inventory:

Missiles
 n - 75 poisoned darts (quivered)
 D - 8 silver javelins
Armour
 g - a +0 cloak (melded)
 p - a +0 pair of gloves (melded)
 u - a +0 helmet (melded)
 w - a +0 buckler
 J - a +1 robe of resistance (melded)
Jewellery
 f - an uncursed ring of magical power
 x - a ring of stealth (left front paw)
 A - a ring of magical power (right front paw)
Wands
 s - a wand of polymorph (41)
 C - a wand of flame (6)
Scrolls
 b - 6 scrolls of teleportation
 c - 7 scrolls of remove curse
 e - 4 scrolls of magic mapping
 i - 4 scrolls of enchant weapon
 m - a scroll of amnesia {unknown}
 y - a scroll of fear {unknown}
 B - 2 scrolls of noise
 E - a scroll of random uselessness
 G - a scroll of vulnerability
 I - a scroll of brand weapon
 K - a scroll of immolation {unknown}
 L - a scroll of holy word {unknown}
 M - a scroll of summoning {unknown}
 N - a scroll of enchant armour {unknown}
Potions
 a - a potion of magic
 d - a potion of mutation
 h - 2 potions of cancellation
 j - a potion of brilliance
 k - 2 potions of heal wounds
 l - 2 potions of curing
 o - 2 potions of might
 q - 4 potions of lignification
 r - a potion of haste
 t - 2 potions of attraction
 v - 2 potions of ambrosia
 z - 2 potions of degeneration
 F - a potion of invisibility
 H - 2 potions of flight


   Skills:
 - Level 7.0(6.1) Fighting
 - Level 1.5(0.8) Dodging
 * Level 4.6(3.7) Shields
 + Level 12.1(11.1) Unarmed Combat
 - Level 5.4(4.6) Spellcasting
 + Level 10.2(9.2) Transmutations
 - Level 5.5(4.7) Ice Magic


You had 12 spell levels left.
You knew the following spells:

 Your Spells              Type           Power        Failure   Level
a - Beastly Appendage     Tmut           #####.       1%          1
b - Spider Form           Tmut/Pois      ####......   4%          3
c - Ice Form              Ice/Tmut       #####...     5%          4

Your spell library contained the following spells:

 Spells                   Type           Power        Failure   Level
 Wereblood                Tmut           #####...     1%          2
 Ensorcelled Hibernation  Hex/Ice        ###...       5%          2
 Blade Hands              Tmut           #####.....   6%          5
 Corona                   Hex            #......      10%         1
 Confusing Touch          Hex            #.......     30%         3
 Dazzling Flash           Conj/Hex       #.....       30%         3
 Tukima's Dance           Hex            #.......     30%         3


Dungeon Overview and Level Annotations

Branches:
Dungeon (12/15)            Temple (1/1) D:6            Lair (0/6) D:11
    Orc (0/2) D:10          Sewer (visited)

Altars:
Ashenzari
Cheibriados
Elyvilon
Fedhas
Gozag
Hepliaklqana
Kikubaaqudgha
Okawaru
Qazlal
Trog
Uskayaw
Wu Jian
Xom
Zin
The Shining One
Beogh

Annotations:
D:10 3 runed translucent doors, triki's ghost, journeyman GnEn
D:11 exclusions: death yak, door and ugly thing


Innate Abilities, Weirdness & Mutations

You cannot wear boots.
((Your serpentine skin is tough. (AC +3)))
You have supernaturally acute eyesight. (SInv)
((Armour fits poorly on your strangely shaped body.))
((Your system is resistant to poisons. (rPois)))
((You cover ground very slowly.))
You can spit poison.


Message History

You kill the slime creature!
Cheibriados appreciates the change of pace.
The very large slime creature hits you!!
You punch the very large slime creature!
You freeze the very large slime creature!
The very large slime creature is heavily wounded.
You hit the very large slime creature.
You freeze the very large slime creature.
The very large slime creature is heavily wounded.
A very large slime creature splits.
You squash the large slime creature like an ant!!!
You freeze the large slime creature!
The large slime creature is almost dead.
The large slime creature hits you!!!
* * * LOW HITPOINT WARNING * * *
You punch the large slime creature! You freeze the large slime creature.
You kill the large slime creature!
Cheibriados appreciates the change of pace.
The slime creature hits you!
You die...

########
#......#
#.<....#
#......#
#......#
#....YJ#
######.######
#...........#
#...........#
#...........#
#...........#
#...........#
######.....##
......#


You could see a slime creature.

Vanquished Creatures
  2 two-headed ogres
  Pikel (D:7)
  A troll (D:10)
  3 slime creatures (D:12)
  Grinder (D:3)
  A wyvern (D:9)
  Menkaure (D:6)
  A water moccasin (Sewer)
  3 eyes of draining (D:8)
  A necrophage (D:8)
  4 orc warriors
  An ice beast (D:8)
  2 sky beasts
  2 phantoms
  4 centaurs
  12 ogres
  4 lemures (D:7)
  Blork the orc (D:5)
  2 big kobolds
  8 bullfrogs
  5 scorpions
  3 wights (D:11)
  6 killer bees (D:9)
  3 howler monkeys (D:9)
  A bullfrog zombie (D:11)
  4 jellies
  2 quasits
  11 orc priests
  3 hounds
  12 orc wizards
  Jessica (D:3)
  4 iguanas
  6 worker ants
  2 hell rats (D:11)
  2 hound skeletons (D:5)
  A howler monkey zombie (D:11)
  A worker ant zombie (D:7)
  16 adders
  4 gnolls (D:9)
  2 river rats (D:11)
  3 white imps
  4 ufetubi
  8 oozes (D:3)
  An adder skeleton (D:6)
  An adder zombie (D:8)
  5 worms
  2 dart slugs
  4 leopard geckos
  53 orcs
  2 ball pythons
  10 bats
  8 giant cockroaches
  7 goblins
  7 hobgoblins
  15 jackals
  18 kobolds
  A quokka (D:6)
  4 frilled lizards
  A jackal skeleton (D:4)
  A quokka zombie (D:5)
  10 rats
309 creatures vanquished.

Vanquished Creatures (others)
  2 fungi (D:3)
  8 toadstools (D:3)
10 creatures vanquished.

Grand Total: 319 creatures vanquished

Notes
Turn   | Place    | Note
-------+----------+-------------------------------------------
     0 | D:1      | Froggeryz the Naga Transmuter began the quest for the Orb.
     0 | D:1      | Reached XP level 1. HP: 18/18 MP: 3/3
   283 | D:1      | Reached XP level 2. HP: 23/25 MP: 3/5
  1028 | D:2      | Reached skill level 4 in Unarmed Combat
  1041 | D:2      | Reached XP level 3. HP: 9/31 MP: 4/6
  1402 | D:2      | Reached XP level 4. HP: 37/38 MP: 5/7
  1422 | D:2      | Reached skill level 5 in Unarmed Combat
  2284 | D:3      | Reached XP level 5. HP: 30/44 MP: 8/8
  2290 | D:3      | Found an iron altar of Okawaru.
  2408 | D:3      | Noticed Jessica
  2410 | D:3      | Killed Jessica
  2410 | D:3      | Reached skill level 6 in Unarmed Combat
  2452 | D:3      | Found a glowing drain.
  2456 | Sewer    | Entered a sewer
  2520 | Sewer    | Noticed a water moccasin
  2527 | Sewer    | Reached skill level 11 in Unarmed Combat
  2527 | Sewer    | Reached XP level 6. HP: 30/63 MP: 7/9
  2531 | Sewer    | Killed a water moccasin
  2531 | Sewer    | Reached XP level 7. HP: 18/70 MP: 7/10
  2810 | Sewer    | Reached skill level 5 in Spellcasting
  2810 | Sewer    | Reached XP level 8. HP: 78/78 MP: 10/16
  3101 | D:3      | Learned a level 3 spell: Spider Form
  3649 | D:3      | Noticed Grinder
  3658 | D:3      | Killed Grinder
  4646 | D:5      | Entered Level 5 of the Dungeon
  4647 | D:5      | Noticed Blork the orc
  4656 | D:5      | Killed Blork the orc
  4737 | D:5      | Found an opulent altar of Gozag.
  4760 | D:5      | Found an iron altar of Okawaru.
  4858 | D:5      | Reached XP level 9. HP: 72/85 MP: 17/17
  5184 | D:5      | Reached skill level 12 in Unarmed Combat
  5589 | D:6      | Noticed Menkaure
  5594 | D:6      | Killed Menkaure
  6295 | D:6      | Learned a level 4 spell: Ice Form
  6342 | D:6      | Found a staircase to the Ecumenical Temple.
  6368 | Temple   | Entered the Ecumenical Temple
  6411 | Temple   | Became a worshipper of Cheibriados the Contemplative
  7335 | D:7      | Noticed Pikel
  7369 | D:7      | Killed Pikel
  7369 | D:7      | Reached skill level 1 in Shields
  7369 | D:7      | Reached skill level 1 in Ice Magic
  7894 | D:8      | Reached XP level 10. HP: 94/94 MP: 14/18
  8059 | D:8      | Reached * piety under Cheibriados
  8638 | D:8      | Found a bloodstained altar of Trog.
  9345 | D:9      | Reached ** piety under Cheibriados
  9594 | D:9      | Reached skill level 10 in Transmutations
  9604 | D:9      | HP: 6/141 [poisoned by a killer bee]
 10958 | D:10     | Entered Level 10 of the Dungeon
 10991 | D:10     | Reached *** piety under Cheibriados
 11546 | D:10     | Noticed a two-headed ogre
 11554 | D:10     | Killed a two-headed ogre
 11554 | D:10     | Reached XP level 11. HP: 100/100 MP: 19/19
 11639 | D:10     | Found a staircase to the Orcish Mines.
 11668 | D:10     | Found a roughly hewn altar of Beogh.
 12035 | D:10     | Reached **** piety under Cheibriados
 12060 | D:10     | Found a runed translucent gate.
 12060 | D:10     | Found a runed translucent gate.
 12060 | D:10     | Found a runed translucent gate.
 12159 | D:10     | Noticed triki's ghost (journeyman GnEn)
 12738 | D:11     | Noticed a two-headed ogre
 12747 | D:11     | Killed a two-headed ogre
 12747 | D:11     | Reached skill level 5 in Ice Magic
 12915 | D:11     | Found a staircase to the Lair.
 12915 | D:11     | Noticed a death yak
 13067 | D:11     | Noticed a death yak
 13426 | D:11     | Reached ***** piety under Cheibriados
 13546 | D:11     | Noticed a brown ugly thing
 13812 | D:12     | Slain by a slime creature

Illustrated notes

Levels and vault maps discovered:
D:1:      scummos_arrival_simple_fountains, layout_loops_ring,
          chequers_serial_rivers_micro_e
D:2:      layout_rooms
D:3:      cheibrodos_fertilizer, layout_basic, gup_sewer_entry_bowl,
          okawaru_trees_2, uniq_jessica, uniq_grinder
D:4:      minmay_spotlight, layout_loops_ring, minmay_vboxes
D:5:      layout_basic, nicolae_overflow_crystal_walls, grunt_gozag_statues,
          uniq_blork_the_orc
D:6:      layout_gridville, minmay_temple_entry_waves, uniq_menkaure
D:7:      layout_basic, uniq_pikel
D:8:      layout_rooms, st_stairs_11, trog_eyes_of_draining
D:9:      layout_layer_cave, mrwooster_statue_mirror
D:10:     layout_roguey, minmay_orc_entry_temple_small, gammafunk_ghost_icy,
          serial_curves, eino_curves_02, eino_curves_01
D:11:     layout_roguey, dpeg_lair_monsters, patterned_corridor
D:12:     layout_grid_maze
Temple:   compressed_dpeg_triangle_lava_temple

Skill      XL: |  1  2  3  4  5  6  7  8  9 10 11 |
---------------+----------------------------------+-----
Unarmed Combat | 4 5 11 12 | 12.1
Fighting       | 6 7 |  7.0
Spellcasting   | 5 |  5.4
Transmutations | 8 9 10 | 10.2
Shields        | 1 3 4 |  4.6
Ice Magic      | 1 4 5 |  5.5
Dodging        | |  1.5

Action                   |  1- 3 |  4- 6 |  7- 9 | 10-12 || total
-------------------------+-------+-------+-------+-------++-------
Melee: Unarmed           |    84 |   152 |   300 |   359 ||   895
       Headbutt          |     4 |     8 |       |       ||    12
       Punch             |       |     2 |     8 |    14 ||    24
Throw: Dart              |       |       |       |     7 ||     7
 Cast: Beastly Appendage |     7 |     9 |     1 |       ||    17
       Spider Form       |       |       |    18 |    15 ||    33
       Ice Form          |       |       |       |     4 ||     4
 Abil: Spit Poison       |     8 |    13 |       |     2 ||    23
  Use: Scroll            |       |     3 |       |    14 ||    17
       Potion            |       |     2 |     1 |     5 ||     8
 Stab: Sleeping          |       |       |     5 |     5 ||    10
       Distracted        |       |       |       |     1 ||     1
Armor: Robe              |    18 |    58 |    60 |    86 ||   222
       Skin              |       |       |     4 |     6 ||    10
Dodge: Dodged            |    54 |   102 |   139 |   280 ||   575

Table legend: (Time is in decaauts)
 A = Elapsed time spent in this place.
 B = Non-inter-level travel time spent in this place.
 C = Inter-level travel time spent in this place.
 D = Time resting spent in this place.
 E = Time spent auto-exploring this place.
 F = Levels seen in this place.
 G = Mean time per level.
                   A        B        C        D        E       F      G
               +--------+--------+--------+--------+--------+-----+--------+
         Total |  18503 |  17862 |    641 |   4149 |  10909 |  14 | 1321.6 |
       Dungeon |  17933 |  17313 |    620 |   3855 |  10748 |  12 | 1494.4 |
        Temple |     82 |     62 |     20 |      0 |     49 |   1 |   82.0 |
         Sewer |    487 |    487 |      0 |    294 |    111 |   1 |  487.0 |
               +--------+--------+--------+--------+--------+-----+--------+

Top non-repeatable levels by time:
     D:9: 2868 daAuts
    D:11: 2165 daAuts
     D:7: 2078 daAuts
    D:10: 1939 daAuts
     D:3: 1589 daAuts
     D:8: 1546 daAuts
     D:2: 1400 daAuts
     D:6: 1166 daAuts
     D:1: 1086 daAuts
     D:5: 1021 daAuts
     D:4: 1014 daAuts
   Sewer: 487 daAuts
  Temple: 82 daAuts
    D:12: 58 daAuts
